 Dungeon Crawl Stone Soup version 0.31-a0-981-geadf994542 (webtiles) character file.

Game seed: 8253923900417970725

15 AppTheSpectato the Chopper (level 2, 0/27 HPs)
             Began as a Hill Orc Monk on Oct 31, 2023.
             Was an Initiate of Gozag.
             Slain by a giant cockroach (1 damage)
             ... on level 1 of the Dungeon.
             The game lasted 00:00:58 (763 turns).

AppTheSpectato the Chopper (Hill Orc Monk)           Turns: 763, Time: 00:00:59

Health: 0/27       AC:  2    Str: 13    XL:     2   Next: 50%
Magic:  2/2        EV: 12    Int: 10    God:    Gozag
Gold:   112        SH:  0    Dex: 13    Spells: 1/1 levels left

rFire   . . .        a - +0 hand axe
rCold   . . .        d - orb {light}
rNeg    . . .        b - +0 robe
rPois   .            (no helmet)
rElec   .            (no cloak)
rCorr   .            (no gloves)
SInv    .            (no boots)
Will    .....        (no amulet)
Stlth   +            (no ring)
HPRegen 0.24/turn    (no ring)
MPRegen 0.08/turn

%: no passive effects
@: glowing
A: no striking features
a: Renounce Religion, Potion Petition, Call Merchant, Bribe Branch


You were on level 1 of the Dungeon.
You worshipped Gozag.
Gozag was aware of your devotion.
You visited 1 branch of the dungeon, and saw 1 of its levels.

You collected 112 gold pieces.

Inventory:

Hand Weapons
 a - a +0 hand axe (weapon)
Armour
 b - a +0 robe (worn)
 d - an orb of light (worn)
Scrolls
 e - a scroll of poison {unknown}
 f - 2 scrolls of identify {unknown}
Potions
 c - a potion of ambrosia
 g - a potion of curing {unknown}


   Skills:
 + Level 4.0 Fighting
 + Level 4.4 Axes
 + Level 2.6 Dodging


You had one spell level left.
You didn't know any spells.
Your spell library was empty.

Dungeon Overview and Level Annotations

Branches:
Dungeon (1/15)

Altars:
Gozag


Message History

* * * LOW HITPOINT WARNING * * *
The giant cockroach barely misses you. The giant cockroach barely misses you.
The giant cockroach bites you.
* * * LOW HITPOINT WARNING * * *
The giant cockroach bites you but does no damage.
The giant cockroach misses you. The giant cockroach barely misses you.
The giant cockroach bites you but does no damage.
The giant cockroach bites you.
* * * LOW HITPOINT WARNING * * *
The giant cockroach bites you but does no damage.
The giant cockroach closely misses you. The giant cockroach barely misses you.
The giant cockroach barely misses you.
The giant cockroach bites you but does no damage.
The giant cockroach bites you but does no damage.
The giant cockroach closely misses you. The giant cockroach bites you.
* * * LOW HITPOINT WARNING * * *
The giant cockroach bites you but does no damage.
The giant cockroach barely misses you. The giant cockroach closely misses you.
The giant cockroach closely misses you. The giant cockroach bites you.
* * * LOW HITPOINT WARNING * * *
The giant cockroach bites you but does no damage.
The giant cockroach barely misses you. The giant cockroach closely misses you.
The giant cockroach closely misses you. The giant cockroach barely misses you.
The giant cockroach misses you.
The giant cockroach bites you but does no damage.
The giant cockroach barely misses you.
The giant cockroach bites you but does no damage.
The giant cockroach bites you.
* * * LOW HITPOINT WARNING * * *
The giant cockroach misses you. The giant cockroach bites you.
You die...
Your body crumbles into a pile of gold.

..............##
.###.........## .#
#..######.# .###..# #.#
......# ##'## ##.##.#
##...## ......#
##.....## ##.####
#.......##
#...####......%.@#
.).....+.....[..B.......
#...####..........###...
...## ##.......#.# ####
##..)..##.# ##...## .#
##+# .# ..


You could see a giant cockroach.

Vanquished Creatures
  A dart slug (D:1)
  3 endoplasms (D:1)
  A giant cockroach (D:1)
  A hobgoblin (D:1)
  A quokka (D:1)
  A frilled lizard (D:1)
  3 kobolds (D:1)
  A rat (D:1)
12 creatures vanquished.

Notes
Turn   | Place    | Note
-------+----------+-------------------------------------------
     0 | D:1      | AppTheSpectato the Hill Orc Monk began the quest for the
                  | Orb.
     0 | D:1      | Reached XP level 1. HP: 19/19 MP: 1/1
    27 | D:1      | Found a faded altar of an unknown god.
    33 | D:1      | Prayed at the altar of an unknown god.
    33 | D:1      | Became a worshipper of Gozag Ym Sagoz the Greedy
   192 | D:1      | Reached XP level 2. HP: 18/27 MP: 2/2
   738 | D:1      | HP: 1/27 [giant cockroach (1)]
   753 | D:1      | HP: 1/27 [giant cockroach (2)]
   761 | D:1      | HP: 1/27 [giant cockroach (2)]
   763 | D:1      | Slain by a giant cockroach

Illustrated notes

Levels and vault maps discovered:
D:1:      evilmike_arrival_crescent, layout_loops_corners, serial_shops, shop,
          basic_ecumenical_altar, minmay_misc_feat_doors

Skill      XL: |  1  2 |
---------------+-------+-----
Fighting       | 4 |  4.0
Axes           | |  4.4
Dodging        | |  2.6

Action                     || total
---------------------------++-------
  Melee: Hand axe          ||    33
 Armour: Robe              ||   127
  Dodge: Dodged            ||   168

Table legend: (Time is in decaauts)
 A = Elapsed time spent in this place.
 B = Non-inter-level travel time spent in this place.
 C = Inter-level travel time spent in this place.
 D = Time resting spent in this place.
 E = Time spent auto-exploring this place.
 F = Levels seen in this place.
 G = Mean time per level.
                   A        B        C        D        E       F      G
               +--------+--------+--------+--------+--------+-----+--------+
         Total |    766 |    763 |      3 |      0 |    472 |   1 |  766.0 |
       Dungeon |    766 |    763 |      3 |      0 |    472 |   1 |  766.0 |
               +--------+--------+--------+--------+--------+-----+--------+

Top non-repeatable levels by time:
     D:1: 766 daAuts
